 Dungeon Crawl Stone Soup version 0.23.0-3-gf3c87f2 (webtiles) character file.

Game seed: 7134377078386396723

1430 Evonexus1234 the Skirmisher (level 8, -2/53 HPs)
             Began as a Gargoyle Berserker on Feb 24, 2019.
             Was an Elder of Trog.
             Killed by nerve-wracking pain
             ... invoked by an orc priest
              (6 damage)
             ... on level 5 of the Dungeon.
             The game lasted 00:18:25 (4348 turns).

Evonexus1234 the Skirmisher (Gargoyle Berserker)    Turns: 4348, Time: 00:18:26

Health: -2/53      AC: 15    Str: 23    XL:     8   Next: 73%
Magic:  17/17      EV: 10    Int:  8    God:    Trog [****..]
Gold:   307        SH:  0    Dex:  9    Spells: 7/7 levels left

rFire    . . .     SeeInvis +   w - +0 flail (crush)
rCold    . . .     Gourm    .   (no shield)
rNeg     + . .     Faith    .   q - +0 scale mail
rPois    ∞         Spirit   .   x - +1 hat {SInv}
rElec    +         Reflect  .   f - +0 cloak
rCorr    .         Harm     .   (no gloves)
MR       .....                  (no boots)
Stlth    +.........             (no amulet)
HPRegen  0.17/turn              D - ring of magical power
MPRegen  0.15/turn              (no ring)

@: very slightly contaminated
A: negative energy resistance 1, electricity resistance, unbreathing,
petrification resistance, rot immunity, AC +5
a: Berserk, Trog's Hand, Brothers in Arms, Renounce Religion


You were on level 5 of the Dungeon.
You worshipped Trog.
Trog was greatly pleased with you.
You were not hungry.

You visited 2 branches of the dungeon, and saw 6 of its levels.
You also visited: Sewer.

You collected 307 gold pieces.

Inventory:

Hand Weapons
 s - a +0 hunting sling
 v - a +2 vampiric whip
 w - a +0 flail of crushing (weapon)
 y - a +0 blowgun
Missiles
 a - 18 sling bullets
 d - 8 javelins
 i - 56 stones (quivered)
 o - 15 poisoned needles
Armour
 f - a +0 cloak (worn)
 q - a +0 scale mail (worn)
 x - a +1 hat of see invisible (worn)
Jewellery
 D - a ring of magical power (left hand)
Scrolls
 g - 9 scrolls of identify
 h - 2 scrolls of blinking
 j - a scroll of fear {unknown}
 k - a scroll of magic mapping
 m - a scroll of amnesia
 n - 2 scrolls of teleportation {unknown}
 r - a scroll of remove curse
 t - a scroll of fog {unknown}
 u - 3 scrolls of random uselessness {unknown}
 C - a scroll of holy word {unknown}
Potions
 b - a potion of agility
 e - a potion of magic
 l - a potion of lignification
 A - a potion of curing {unknown}
 B - a potion of degeneration {unknown}
Comestibles
 c - 8 rations


   Skills:
 - Level 7.2 Fighting
 - Level 7.1 Maces & Flails
 + Level 5.8 Armour
 - Level 1.5 Dodging
 - Level 3.2 Stealth


You had 7 spell levels left.
You didn't know any spells.
Your spell library was empty.

Dungeon Overview and Level Annotations

Branches:
Dungeon (5/15)             Temple (1/1) D:4

Altars:
Ashenzari
Cheibriados
Dithmenos
Elyvilon
Fedhas
Gozag
Hepliaklqana
Kikubaaqudgha
Makhleb
Nemelex Xobeh
Okawaru
Qazlal
Sif Muna
Trog
Uskayaw
Vehumet
Wu Jian
Xom
Yredelemnul
Zin
The Shining One


Innate Abilities, Weirdness & Mutations

You are resistant to torment.
Your stone body is resilient. (AC +5)
You are immune to poison.
You resist negative energy. (rN+)
You are resistant to electric shocks. (rElec)
You can survive without breathing.
You are immune to petrification.
You are immune to rotting.


Message History

You feel protected.
The orc priest hits you from afar with a +0 trident.
* * * LOW HITPOINT WARNING * * *
It was a potion of cancellation.
Your magical effects are unravelling.
You feel magically purged.
You feel less wooden.
Your +0 cloak unmelds from your body.
Your +1 hat of see invisible unmelds from your body.
Your +0 scale mail unmelds from your body.
You feel perceptive.
You feel a little less agile now.
Your resistance to elements expires.
Okay, then.
Blink to where?
Press: ? - help, Dir - move target cursor You are very lightly contaminated with residual magic.
As you read the scroll of blinking, it crumbles to dust.
The orc priest calls down the wrath of Beogh upon you.
Pain shoots through your body!
You die...

#. #.# #.####.####
.
#.#......o####....
#.....o##.§)o.....
#...##.#######....
#......# .
##.#.#)# #...#.#
#@#.#.# #.....#
####### ###.###
#.....# #.#
#.....# #.#
#.....# ##.#
#.....# #..#
#.....# #.##
###.### #.# #.#


You could see an orc priest.

Vanquished Creatures
  Sigmund (D:5)
  The ghost of TanisTheRed the Skirmisher, an amateur HuFi (D:3)
  2 ogres
  A crocodile (Sewer)
  A bullfrog (D:4)
  3 scorpions
  2 howler monkeys
  A bullfrog zombie (D:5)
  A crimson imp (D:5)
  A jelly (D:5)
  An orc priest (D:3)
  3 orc wizards
  2 iguanas
  3 worker ants (D:5)
  A howler monkey zombie (D:5)
  4 gnolls (D:2)
  10 adders
  2 oozes (D:4)
  3 worms
  3 dart slugs
  2 leopard geckos (D:5)
  14 orcs
  6 giant cockroaches
  7 goblins
  5 hobgoblins (D:3)
  10 jackals
  13 kobolds
  4 ball pythons
  5 bats
  10 frilled lizards
  8 rats
130 creatures vanquished.

Notes
Turn   | Place    | Note
-------+----------+-------------------------------------------
     0 | D:1      | Evonexus1234 the Gargoyle Berserker began the quest for the
                  | Orb.
     0 | D:1      | Reached XP level 1. HP: 14/14 MP: 1/1
   127 | D:1      | Reached XP level 2. HP: 19/19 MP: 2/2
   151 | D:1      | Reached skill level 1 in Stealth
   343 | D:1      | Reached XP level 3. HP: 13/23 MP: 3/3
   635 | D:1      | Reached ** piety under Trog
  1005 | D:2      | Reached XP level 4. HP: 13/28 MP: 4/4
  1026 | D:2      | HP: 1/28 [gnoll (4)]
  1765 | D:2      | Reached XP level 5. HP: 28/32 MP: 5/5
  1945 | D:3      | Found a large runed translucent door.
  1946 | D:3      | Found a large runed translucent door.
  1949 | D:3      | Noticed TanisTheRed's ghost (amateur HuFi)
  1973 | D:3      | Killed TanisTheRed's ghost
  1973 | D:3      | Reached skill level 5 in Fighting
  1973 | D:3      | Reached XP level 6. HP: 40/40 MP: 6/6
  2037 | D:3      | Found a faded altar of an unknown god.
  2137 | D:3      | Reached *** piety under Trog
  2799 | D:4      | Found a staircase to the Ecumenical Temple.
  2824 | Temple   | Entered the Ecumenical Temple
  2995 | D:4      | Reached XP level 7. HP: 44/44 MP: 7/7
  3001 | D:4      | Reached skill level 5 in Maces & Flails
  3668 | D:5      | Entered Level 5 of the Dungeon
  3736 | D:5      | Reached XP level 8. HP: 16/50 MP: 8/8
  4041 | D:5      | Found a glowing drain.
  4050 | Sewer    | Entered a sewer
  4066 | Sewer    | Reached **** piety under Trog
  4282 | D:5      | Noticed Sigmund
  4292 | D:5      | Killed Sigmund
  4292 | D:5      | Reached skill level 5 in Armour
  4348 | D:5      | Killed from afar by an orc priest

Skill      XL: |  1  2  3  4  5  6  7  8 |
---------------+-------------------------+-----
Armour         | 3 4 5 |  5.8
Stealth        | 2 3 |  3.2
Maces & Flails | 4 7 |  7.1
Fighting       | 5 7 |  7.2
Dodging        | |  1.5

Action                   |  1- 3 |  4- 6 |  7- 9 || total
-------------------------+-------+-------+-------++-------
Melee: Mace              |   111 |   157 |       ||   268
       Flail             |       |    40 |   174 ||   214
Throw: Stone             |       |    16 |     2 ||    18
Invok: Berserk           |       |     3 |     3 ||     6
       Trog's Hand       |       |     1 |     1 ||     2
  Use: Scroll            |       |       |     6 ||     6
       Potion            |       |       |     4 ||     4
 Stab: Sleeping          |     1 |       |       ||     1
  Eat: Chunk             |       |    11 |     5 ||    16
       Ration            |       |       |     1 ||     1
Armor: Animal skin       |    27 |       |       ||    27
       Leather armour    |    27 |    18 |       ||    45
       Scale mail        |       |    93 |    74 ||   167
       Skin              |       |       |    20 ||    20
Dodge: Dodged            |    96 |   114 |    78 ||   288
